[Event "***Titled Tuesday 3|2 Blitz"]
[Site "Chess.com"]
[Date "2017.02.07"]
[Round "5"]
[White "Iball95"]
[Black "Dlugy"]
[Result "0-1"]
[WhiteElo "2404"]
[BlackElo "2679"]
[TimeControl "180+2"]
[EndTime "14:11:25 PST"]
[Termination "Dlugy won by resignation"]

1. e4 c5 2. Nf3 d6 3. Bb5+ Bd7 4.
Bxd7+ Nxd7 5. O-O Ngf6 6. Qe2 e6 7. b3 Be7 8. Bb2 O-O 9. c4 a6 10. d4 cxd4 11. Nxd4 Qa5 12. Nc3 Rfe8 13. Rad1 Qh5 14.
Qxh5 Nxh5 15. Rfe1 Rac8 16. g3 Red8 17. Kg2 Nhf6 18.
Nf3 h6 19. Ba3 Nc5 20. e5 dxe5 21. Nxe5 Kf8 22. Kf3 g5 23. h3 Ke8 24. h4 Nd3 25.
Rxd3 Rxd3+ 26. Nxd3 Bxa3 27. hxg5 hxg5 28. Re5 g4+ 29.
Ke2 b5 30. Nb1 Bd6 31. Rg5 bxc4 32. bxc4 Rxc4 33. Ra5 Rc6 34. Nd2 Nd5 35. Ne4 Bc7 36. Ra3 a5 37. Kd1 f5 38. Nec5 Bb6 39. Nb3 Nc3+ 40.
Ke1 a4 41. Nd2 Ba5 42. Kf1 Nb5 43. Rxa4 Bxd2 44. Ra8+ Ke7 45. Rb8 Nd4 46. Ne5 Rc1+ 47.
Kg2 Kd6 48. Nf7+ Kc7 49. Rh8 Nf3 50. Rh1 Rxh1 51. Kxh1 Kd7 52. Kg2 Ke7 53. Nh8 Kf6 54. Kf1 Kg7 55. Ke2 Kxh8 56. Kd3 Kg7 57. a4 Kf6 58. Kc4 Be1 59. Kd3 Bxf2 0-1

[Event "***Titled Tuesday 3|2 Blitz"]
[Site "Chess.com"]
[Date "2017.02.07"]
[Round "5"]
[White "EmeseBalogh"]
[Black "abubakrtagelsir"]
[Result "0-1"]
[WhiteElo "1995"]
[BlackElo "2139"]
[TimeControl "180+2"]
[EndTime "14:11:36 PST"]
[Termination "abubakrtagelsir won by resignation"]

1. e4 d6 2. d4 Nf6 3. Bd3 e5 4.
c3 d5 5. dxe5 Nxe4 6. Bxe4 dxe4 7. Qxd8+ Kxd8 8. Nd2 Nd7 9. Nxe4 Nxe5 10. Ne2 Bf5 11. N2g3 Bxe4 12. Nxe4 Nd3+ 13. Ke2 Nxc1+ 14. Raxc1 Be7 15. Rcd1+ Kc8 16. Rhe1 Rd8 17. f4 f5 18. Ng3 g6 19. Kf3 Rxd1 20. Rxd1 Bd6 21. Ne2 Kd7 22. Nd4 Re8 23. Rd2 Re4 24. g3 a6 25. Nb3 b6 26.
Nc1 Ke6 27. Nd3 Ke7 28. b3 a5 29. Nf2 Re6 30. Nd3 Re4 31. h3 a4 32. Nf2 Re6 33.
g4 Bc5 34. Nd3 Re3+ 35. Kf2 Rxd3+ 36. Ke1 Rxc3 0-1

[Event "***Titled Tuesday 3|2 Blitz"]
[Site "Chess.com"]
[Date "2017.02.07"]
[Round "5"]
[White "FelixBlohberger"]
[Black "AungTZ"]
[Result "0-1"]
[WhiteElo "2090"]
[BlackElo "2074"]
[TimeControl "180+2"]
[EndTime "14:11:38 PST"]
[Termination "AungTZ won on time"]

1. Nf3 d5 2. c4 e6 3. g3 c5 4. Bg2 Nf6 5. O-O Be7 6. b3 O-O 7. Bb2 Nc6 8. cxd5 Nxd5 9. d4 Bf6 10. e4 Nc7 11. e5 Be7 12. dxc5 Bxc5 13. Nc3 Qe7 14. Ne4 Ba3 15. Bxa3 Qxa3 16. Qd6 Qxd6 17. Nxd6 Nd5 18. Nd2 Nxe5 19. N2c4 Nc6 20. Rfd1 Rd8 21. Rac1 Rb8 22. a4 Nce7 23. f4 Bd7 24. Ne5 Be8 25. Ne4 Ne3 26. Rxd8 Rxd8 27. Bf3 f6 0-1

[Event "***Titled Tuesday 3|2 Blitz"]
[Site "Chess.com"]
[Date "2017.02.07"]
[Round "5"]
[White "Jahonas"]
[Black "ChessMavenYeti"]
[Result "1/2-1/2"]
[WhiteElo "2145"]
[BlackElo "2180"]
[TimeControl "180+2"]
[EndTime "14:11:41 PST"]
[Termination "Game drawn by agreement"]

1. d4 d5 2. Nf3 Nf6 3. c4 e6 4.
Nc3 Be7 5. cxd5 exd5 6. Bf4 c6 7. e3 Bf5 8. Bd3 Bxd3 9. Qxd3 O-O 10.
O-O Nbd7 11. Rab1 a5 12. a3 Re8 13. b4 axb4 14. axb4 b5 15. Ne2 Nb6 16. Rfc1 Nc4 17. Ne5 Ra3 18. Rc3 Rxc3 19. Nxc3 Qc8 20. e4 Bf8 21.
exd5 Nxd5 22. Nxd5 cxd5 23. Bg3 f6 24. Nf3 Qa6 25. h4 Qa2 26. Rf1 Bxb4 27. Qf5 Nd2 28. Nxd2 Bxd2 29. Qd7 Ra8 30. Qxb5 Qc4 31. Qd7 Qxd4 32.
Rd1 h5 33. Qf5 Ra1 34. Qxh5 Bh6 35. Rxa1 Qxa1+ 36. Kh2 Qd4 37. Qf5 Qe4 38. Qxe4 dxe4 39. Kg1 f5 40. Be5 f4 41. f3 e3 42. Kf1 Kf7 43. g3 fxg3 44. Bxg3 Kg6 45. Ke2 Kf5 46. Bd6 Bf4 47. Bc5 Bg3 48. Bxe3 Bxh4 49. Kf1 Bf6 50. Kg2 Be5 51. Bf2 Bf4 52. Bh4 g5 1/2-1/2

[Event "***Titled Tuesday 3|2 Blitz"]
[Site "Chess.com"]
[Date "2017.02.07"]
[Round "5"]
[White "proxy6"]
[Black "SCIM"]
[Result "0-1"]
[WhiteElo "2092"]
[BlackElo "2282"]
[TimeControl "180+2"]
[EndTime "14:11:44 PST"]
[Termination "SCIM won on time"]

1. e4 c5 2. Nf3 e6 3. d4 cxd4 4.
Nxd4 Nc6 5. Nc3 Qc7 6. Be3 a6 7. Qd2 Nf6 8. f4 Bb4 9. Bd3 Na5 10. a3 Bxc3 11. Qxc3 Qxc3+ 12. bxc3 d5 13. e5 Ne4 14. Nb3 Nc4 15. Bxc4 dxc4 16. Na5 Bd7 17. Bd4 O-O 18. Nxc4 Bc6 19. Nb6 Rad8 20. O-O f6 21. Rad1 h5 22.
Rfe1 f5 23. Rd3 Rf7 24. Red1 Re8 25. Rh3 g6 26. Nc4 Rd7 27. Nb6 Rc7 28. a4 Kg7 29.
a5 Bb5 30. Re1 Rd8 31. Ree3 Rc6 32. Rhf3 h4 33. Rh3 Rxd4 34. cxd4 Rxc2 35. Re1 Bc6 36. Rxh4 Nc3 37. g4 Ne2+ 0-1

[Event "***Titled Tuesday 3|2 Blitz"]
[Site "Chess.com"]
[Date "2017.02.07"]
[Round "5"]
[White "Janosik"]
[Black "Astaneh"]
[Result "0-1"]
[WhiteElo "2612"]
[BlackElo "2505"]
[TimeControl "180+2"]
[EndTime "14:11:45 PST"]
[Termination "Astaneh won by resignation"]

1. d4 Nf6 2. c4 g6 3. g3 Bg7 4.
Bg2 O-O 5. Nc3 c6 6. Nf3 d5 7.
cxd5 cxd5 8. Ne5 Ng4 9. Nxg4 Bxg4 10. Nxd5 Nc6 11. Ne3 Bd7 12. d5 Nd4 13. O-O Bb5 14. Re1 Rc8 15. Bd2 Qb6 16. Bc3 Rfd8 17. Rc1 e5 18. Qd2 Bh6 19. Kh1 Re8 20. Bh3 f5 21. Bg2 Kg7 22. f4 Kg8 23. fxe5 Nxe2 24. d6 Bxe3 25.
Qd5+ Kg7 26. d7 Nxc3 27. dxc8=Q Nxd5 28. Qc2 Bxc1 29. Qxc1 Nb4 30. e6 Nd3 31. Qc3+ Kh6 32. h4 Rxe6 33. Qd2+ Kg7 34. Qc3+ Kh6 35. Qd2+ f4 36. Qc3 Rxe1+ 0-1

[Event "***Titled Tuesday 3|2 Blitz"]
[Site "Chess.com"]
[Date "2017.02.07"]
[Round "5"]
[White "JSMastropiero"]
[Black "chorejason"]
[Result "0-1"]
[WhiteElo "2133"]
[BlackElo "2030"]
[TimeControl "180+2"]
[EndTime "14:11:48 PST"]
[Termination "chorejason won by resignation"]

1. e4 c5 2. Nf3 d6 3. Bb5+ Bd7 4.
Bxd7+ Qxd7 5. O-O Nc6 6. c3 Nf6 7. d4 Nxe4 8. d5 Ne5 9. Re1 Nxf3+ 10. Qxf3 Nf6 11. Bg5 Qg4 12. Qxg4 Nxg4 13. h3 Ne5 14. f4 Nd3 15. Re2 h6 16. Rd2 c4 17. Bh4 Nxf4 18. Na3 Rc8 19. Re1 g5 20.
Bf2 Nd3 21. Re4 Ne5 22. Bd4 Bg7 23. Bxa7 Ra8 24. Bd4 Rc8 25. Bxe5 Bxe5 26. Rxc4 Rxc4 27. Nxc4 Kd7 28. Nxe5+ dxe5 29. c4 Kd6 30. b4 b6 31.
Rf2 f6 32. Rc2 Ra8 33. Kf2 Ra4 34. c5+ bxc5 35. bxc5+ Kxd5 36. c6 Ra8 37. a4 Kd6 38. Kf3 Rc8 39. Kg4 Rxc6 40. Rd2+ Ke6 41. Kh5 e4 42. Kxh6 Kf5 43. Rf2+ Ke5 44. g4 e3 45. Rf5+ Ke4 0-1

[Event "***Titled Tuesday 3|2 Blitz"]
[Site "Chess.com"]
[Date "2017.02.07"]
[Round "5"]
[White "biostatistician"]
[Black "Zlatan56"]
[Result "0-1"]
[WhiteElo "2503"]
[BlackElo "2655"]
[TimeControl "180+2"]
[EndTime "14:11:49 PST"]
[Termination "Zlatan56 won by resignation"]

1. d4 g6 2. Nf3 Bg7 3. c4 d6 4.
Nc3 Nf6 5. e4 O-O 6. Be2 Nbd7 7.
O-O e5 8. Be3 Qe7 9. d5 c5 10.
Ne1 Kh8 11. Kh1 Ng8 12. g4 Bh6 13. Bxh6 Nxh6 14. Qd2 Ng8 15. Rg1 f5 16. gxf5 gxf5 17. Nf3 Ndf6 18. Ng5 h6 19. Ne6 Bxe6 20. dxe6 Qxe6 21.
Rg6 f4 22. Rag1 Rad8 23. Qd3 Rf7 24. Bg4 Nxg4 25. R1xg4 Rf6 26. Rg7 Ne7 27. Qh3 Rg8 28.
Rxg8+ Nxg8 29. Qh5 Qf7 30. Qh4 Qxc4 31. Nd5 Rf7 32.
Qd8 Rg7 33. Rxg7 Kxg7 34. Qd7+ Kh8 35. Kg2 Qxe4+ 36. Kh3 Qxd5 0-1

[Event "***Titled Tuesday 3|2 Blitz"]
[Site "Chess.com"]
[Date "2017.02.07"]
[Round "5"]
[White "ABDELAZEEZ-M"]
[Black "johnathan113"]
[Result "0-1"]
[WhiteElo "2141"]
[BlackElo "2359"]
[TimeControl "180+2"]
[EndTime "14:11:51 PST"]
[Termination "johnathan113 won by resignation"]

1. d4 g6 2. Nf3 Nf6 3. Bg5 Bg7 4.
Nbd2 O-O 5. e3 d6 6. c3 h6 7. Bh4 Qe8 8. Bg3 Nh5 9. Be2 e5 10. dxe5 dxe5 11. Ng1 Nxg3 12. hxg3 Nc6 13. Bc4 Be6 14.
Qe2 a6 15. g4 b5 16. Bd3 Rd8 17. g5 hxg5 18. Ngf3 Bg4 19. Be4 f5 20. Bxc6 Qxc6 21. Qf1 Rd7 22. Qg1 Bxf3 23. gxf3 Rfd8 24. Rd1 Qf6 25.
Qh2 c5 26. Rg1 Rd3 27. Qg3 Qd6 28. Qxg5 Rxd2 29. Rxd2 Qxd2+ 30. Kf1 Qd1+ 31. Kg2 Qd6 32. Rh1 Qf6 33. Qg3 Kf7 34. f4 Qc6+ 35. f3 e4 36. fxe4 Qxe4+ 37. Kh2 Rh8+ 0-1

[Event "***Titled Tuesday 3|2 Blitz"]
[Site "Chess.com"]
[Date "2017.02.07"]
[Round "5"]
[White "Blitzstream"]
[Black "Cecile_Haussernot"]
[Result "1-0"]
[WhiteElo "2442"]
[BlackElo "2272"]
[TimeControl "180+2"]
[EndTime "14:11:52 PST"]
[Termination "Blitzstream won by resignation"]

1. d4 Nf6 2. g4 Nxg4 3. e4 Nf6 4.
e5 Nd5 5. c4 Nb6 6. Nc3 e6 7.
Nf3 c5 8. d5 d6 9. Bg5 Be7 10.
Bxe7 Qxe7 11. Nb5 exd5 12. Nxd6+ Kd8 13. Ng5 Qxe5+ 14. Be2 Qxb2 15. Ndxf7+ Kc7 16. Nxh8 Qc3+ 17. Kf1 h6 18. Rc1 Qe5 19. Nhf7 Qf4 20. cxd5 hxg5 21. Rxc5+ Nc6 22. d6+ Kb8 23. Nxg5 Nd7 24. Rd5 Nde5 25. h4 Bd7 26. Qd2 Qf5 27. h5 a6 28. Qe3 Qb1+ 29.
Kg2 Qf5 30. h6 gxh6 31. Rxh6 Ng4 32. Rh8+ Bc8 33. Rxf5 Nxe3+ 34. fxe3 Ka7 35. Rff8 1-0

[Event "***Titled Tuesday 3|2 Blitz"]
[Site "Chess.com"]
[Date "2017.02.07"]
[Round "5"]
[White "kikydu96"]
[Black "VMikhalevski"]
[Result "0-1"]
[WhiteElo "2334"]
[BlackElo "2514"]
[TimeControl "180+2"]
[EndTime "14:11:54 PST"]
[Termination "VMikhalevski won on time"]

1. e4 e5 2. Nf3 Nc6 3. Bc4 Bc5 4.
c3 Nf6 5. d3 d6 6. h3 a5 7. Bb3 O-O 8. Nbd2 b5 9. O-O a4 10. Bc2 h6 11. Re1 Re8 12. Nf1 d5 13. Ng3 d4 14. Nh4 dxc3 15. bxc3 Ng4 16. d4 Nxd4 17.
cxd4 Bxd4 18. hxg4 Qxh4 19. Be3 Bxg4 20. Qb1 Bxa1 21.
Qxa1 Rad8 22. Qc3 Qe7 23. Bd3 b4 24. Qc2 Qd7 25. Bc4 Be6 26. Rc1 Rb8 27. Bxe6 Qxe6 28.
Qxa4 Rec8 29. Rc6 Qe8 30. Qc2 Ra8 31. Rc4 Qb5 32. Rc5 Qa4 33. Qc4 Rcb8 34. Rxc7 Qxa2 35. Qxa2 Rxa2 36. Rc1 b3 37. Rb1 b2 38. Ne2 Ra1 39. Nc3 Rc8 40. Kh1 Rxc3 0-1

[Event "***Titled Tuesday 3|2 Blitz"]
[Site "Chess.com"]
[Date "2017.02.07"]
[Round "5"]
[White "platy3"]
[Black "Ar4uha"]
[Result "0-1"]
[WhiteElo "2568"]
[BlackElo "2431"]
[TimeControl "180+2"]
[EndTime "14:12:05 PST"]
[Termination "Ar4uha won by resignation"]

1. e4 e5 2. Nf3 d6 3. d4 exd4 4.
Nxd4 Nf6 5. Nc3 Be7 6. g3 Nc6 7. Nxc6 bxc6 8. Bg2 O-O 9. O-O Be6 10. b3 Nd7 11. f4 Bf6 12. e5 dxe5 13. f5 Bd5 14. Nxd5 cxd5 15. Qxd5 Nb6 16. Qe4 Rc8 17.
Ba3 Be7 18. Rad1 Qe8 19. Bxe7 Qxe7 20. f6 gxf6 21. Rf5 Rfd8 22. Rdf1 Nd7 23. Bh3 Rb8 24. Qh4 Rb6 25. Bg2 Nf8 26. Rxf6 Rxf6 27. Qxf6 Qxf6 28. Rxf6 Ne6 29. c4 Rd1+ 30. Rf1 Rd2 31. Rf2 Rd1+ 32. Bf1 Nd4 33. Kg2 Kg7 34. g4 Ne6 35. Be2 Rd2 36.
Bf3 Nf4+ 37. Kg3 Rd3 38. h4 h6 39. Rc2 Ne6 40. Rf2 e4 0-1

[Event "***Titled Tuesday 3|2 Blitz"]
[Site "Chess.com"]
[Date "2017.02.07"]
[Round "5"]
[White "AdrianaNikolova"]
[Black "Pierrebl"]
[Result "0-1"]
[WhiteElo "2313"]
[BlackElo "2399"]
[TimeControl "180+2"]
[EndTime "14:12:17 PST"]
[Termination "Pierrebl won on time"]

1. e4 c5 2. Nf3 Nc6 3. d4 cxd4 4. Nxd4 Nf6 5. Nc3 e5 6. Ndb5 d6 7. Bg5 a6 8. Na3 b5 9. Bxf6 gxf6 10. Nd5 f5 11.
Bd3 Be6 12. c3 Bg7 13. Nxb5 axb5 14. Bxb5 Bd7 15. exf5 Nb8 16. Qg4 Kf8 17. Bd3 Bc6 18. Ne3 Nd7 19. O-O Rg8 20. Qh3 Qg5 21. g3 Qh6 22. Qg4 Ra4 23. b4 Bf6 24. Qe2 Bg5 25. Nc4 Bf4 26. Nb2 Ra3 27. b5 Bb7 28. Nc4 Rxc3 29. a4 Rxd3 30. Qxd3 Qh3 31. Qxd6+ Ke8 32.
Qc6 Bxc6 33. bxc6 Nf6 34. Nd6+ Ke7 35. Nb5 Ne4 36. Rfe1 Nxg3 37. fxg3 Bxg3 38. Re2 Bh4+ 39. Kh1 Qf3+ 0-1

[Event "***Titled Tuesday 3|2 Blitz"]
[Site "Chess.com"]
[Date "2017.02.07"]
[Round "5"]
[White "GMBenjaminBok"]
[Black "pKiLz5Rn9b"]
[Result "1-0"]
[WhiteElo "2633"]
[BlackElo "2579"]
[TimeControl "180+2"]
[EndTime "14:12:24 PST"]
[Termination "GMBenjaminBok won by resignation"]

1. e4 e6 2. d4 d5 3. Nd2 dxe4 4.
Nxe4 Nd7 5. Nf3 Ngf6 6. Bd3 c5 7. O-O Nxe4 8. Bxe4 Nf6 9. Bg5 Be7 10. Bxf6 gxf6 11. c3 cxd4 12. cxd4 Qb6 13. Qd2 Bd7 14. Rac1 Rd8 15.
Rfd1 f5 16. Bc2 Bf6 17. Qh6 Ke7 18. d5 Bb5 19. dxe6 Rxd1+ 20. Rxd1 fxe6 21. Re1 Qc5 22. Bb3 Bc4 23. Ng5 Bxb3 24. axb3 e5 25. Nxh7 Qd6 26.
Qg6 Qe6 27. Ng5 Bxg5 28. Qg7+ Kd6 29. Qxh8 e4 30. Rd1+ Kc6 31. Qc3+ Kb6 32. Qd4+ Kc6 33.
h4 Bf4 34. g3 Bh6 35. Qa4+ Kb6 36. Qb4+ Kc6 37. Rd4 b5 38. Qc3+ Kb7 39. Qc5 a6 40. Rd6 Qe5 41. Qxe5 1-0

[Event "***Titled Tuesday 3|2 Blitz"]
[Site "Chess.com"]
[Date "2017.02.07"]
[Round "5"]
[White "NoWuss2"]
[Black "latigre"]
[Result "1-0"]
[WhiteElo "2053"]
[BlackElo "1743"]
[TimeControl "180+2"]
[EndTime "14:12:30 PST"]
[Termination "NoWuss2 won by checkmate"]

1. e4 e5 2. Nf3 Nc6 3. Bb5 a6 4.
Ba4 Nf6 5. O-O b5 6. Bb3 Be7 7. Re1 d6 8. c3 Bg4 9. h3 Bxf3 10. Qxf3 O-O 11. d3 Na5 12. Bc2 c5 13. Nd2 Qc7 14. Nf1 Rfb8 15. Ng3 Bf8 16. Nf5 b4 17. Bg5 Ne8 18.
Qg3 Kh8 19. Rab1 b3 20. axb3 Nxb3 21. Be3 a5 22. h4 a4 23. h5 f6 24. Re2 a3 25.
bxa3 Rxa3 26. Bd1 Na5 27. Rc1 c4 28. d4 Nb3 29. Rb1 Na5 30. Rxb8 Qxb8 31. dxe5 dxe5 32. Rd2 Qb1 33. Rd8 Qb5 34. h6 g6 35. Ng7 Bxg7 36. hxg7+ Kxg7 37. Qh3 Ra1 38. Rd7+ Kf8 39. Qxh7 Rxd1+ 40. Rxd1 Qb3 41. Bh6+ Ng7 42. Qxg7+ Ke8 43. Qd7# 1-0

[Event "***Titled Tuesday 3|2 Blitz"]
[Site "Chess.com"]
[Date "2017.02.07"]
[Round "5"]
[White "kiborg1987"]
[Black "Bad4life"]
[Result "1-0"]
[WhiteElo "2625"]
[BlackElo "2301"]
[TimeControl "180+2"]
[EndTime "14:12:33 PST"]
[Termination "kiborg1987 won by resignation"]

1. e4 c5 2. Nf3 d6 3. d4 cxd4 4.
Nxd4 Nf6 5. Nc3 g6 6. Be3 Bg7 7. Be2 O-O 8. Qd2 Nc6 9. O-O-O Nxd4 10. Bxd4 Be6 11. Kb1 Qa5 12. Bxf6 Bxf6 13. Nd5 Qxd2 14. Nxf6+ Kg7 15. Nh5+ gxh5 16. Rxd2 h4 17. g3 hxg3 18. hxg3 Rac8 19. b3 Rc5 20. Kb2 Rfc8 21. c4 a6 22. f4 b5 23. cxb5 axb5 24. b4 Rc3 25. Bd3 h6 26.
Rh5 Bd7 27. Rd5 Bc6 28. Kxc3 Bxd5+ 29. Kb2 Bc4 30. Rc2 e6 31. Bxc4 bxc4 32. Kc3 d5 33.
exd5 exd5 34. Kd4 Rb8 35. a3 Ra8 36. Rc3 Rd8 37. b5 Rd6 38. a4 Kf6 39. a5 Ke7 40. a6 Re6 41. Kxd5 Rb6 42. Kc5 Rb8 43. a7 Rc8+ 44. Kb4 Kf6 45. Rxc4 Ra8 46. b6 Kf5 47. Rc7 f6 48. Rh7 Kg6 49. Rc7 h5 50. b7 Rxa7 51. b8=Q Rxc7 52. Qxc7 Kf5 53. Qh7+ Kg4 54. Qg6+ Kf3 55.
Qxf6 Kxg3 56. Qg5+ Kf3 57. f5 h4 58. Qxh4 Ke3 59. f6 Kd3 60. f7 Kc2 61. f8=Q Kb2 62. Qf3 Kc2 63. Qhf2+ 1-0

[Event "***Titled Tuesday 3|2 Blitz"]
[Site "Chess.com"]
[Date "2017.02.07"]
[Round "5"]
[White "pedromartinez91"]
[Black "popov_m"]
[Result "1-0"]
[WhiteElo "2305"]
[BlackElo "2342"]
[TimeControl "180+2"]
[EndTime "14:12:41 PST"]
[Termination "pedromartinez91 won by resignation"]

1. e4 e6 2. d4 d5 3. Nd2 c5 4.
exd5 Qxd5 5. Ngf3 cxd4 6. Bc4 Qd7 7. O-O Nf6 8. Nb3 Nc6 9. Nbxd4 Nxd4 10. Nxd4 a6 11.
Be2 Bc5 12. Nb3 Qxd1 13. Rxd1 Bb6 14. c4 Bd7 15. Bf3 Bc6 16. Bxc6+ bxc6 17. c5 Bc7 18.
Nd4 Nd7 19. Be3 Nxc5 20. Rac1 Nd7 21. Rxc6 Be5 22. b3 Ke7 23. Nf3 Rhc8 24. Rxd7+ Kxd7 25. Nxe5+ Ke7 26. f4 f6 27. Rxc8 Rxc8 28. Nc4 Rd8 29.
Kf2 Rd1 30. Ke2 Ra1 31. a3 Kd7 32. Bd4 Rb1 33. Bb2 Kc6 34. h3 Rg1 35. Ne3 Rb1 36.
Nd1 Kd5 37. Kd2 Ke4 38. Kc2 Rxb2+ 39. Kxb2 Kxf4 40. b4 Kg3 41. a4 f5 42. b5 axb5 43. a5 Kxg2 44. a6 Kxh3 45. a7 g5 46. a8=Q g4 47. Qh1+ Kg3 48. Kc2 f4 49. Kd2 b4 50. Ke2 b3 51. Nf2 1-0

[Event "***Titled Tuesday 3|2 Blitz"]
[Site "Chess.com"]
[Date "2017.02.07"]
[Round "5"]
[White "chessdude"]
[Black "joppie2"]
[Result "1-0"]
[WhiteElo "2437"]
[BlackElo "2520"]
[TimeControl "180+2"]
[EndTime "14:12:44 PST"]
[Termination "chessdude won by checkmate"]

1. e4 e5 2. Nf3 Nc6 3. Bc4 Bc5 4. O-O Nf6 5. d3 d6 6. h3 h6 7.
a4 a6 8. c3 Ba7 9. Na3 g5 10.
Nc2 g4 11. hxg4 Bxg4 12. Be3 Qd7 13. Bxa7 Nxa7 14. Ne3 Bh5 15. d4 Nc6 16. dxe5 Nxe4 17. Nd5 O-O-O 18. Qd3 Nc5 19. Qe3 Bxf3 20. Qxf3 Nxe5 21.
Qe2 Nxc4 22. Qxc4 Kb8 23. b4 Ne6 24. b5 a5 25. b6 c6 26. Ne3 d5 27. Qh4 Rdg8 28.
g3 Ng5 29. Kg2 Ne4 30. Qf4+ Ka8 31. c4 h5 32. cxd5 cxd5 33. Rac1 h4 34. Rc7 Qxa4 35. Rxb7 Kxb7 36. Qc7+ Ka6 37. Qa7+ Kb5 38. Qd7+ Ka6 39. Qxa4 hxg3 40. Nxd5 gxf2+ 41. Kf3 Rh3+ 42. Ke2 Ng3+ 43. Kxf2 Rh2+ 44. Ke1 Nxf1 45. Qc6 Rg6 46. Nc7# 1-0

[Event "***Titled Tuesday 3|2 Blitz"]
[Site "Chess.com"]
[Date "2017.02.07"]
[Round "5"]
[White "pedroholly22"]
[Black "JeremDev"]
[Result "0-1"]
[WhiteElo "2284"]
[BlackElo "2136"]
[TimeControl "180+2"]
[EndTime "14:12:44 PST"]
[Termination "JeremDev won by resignation"]

1. e4 c5 2. Nf3 d6 3. d4 cxd4 4.
Nxd4 Nf6 5. Nc3 g6 6. Nd5 Bg7 7. Nb5 Nxd5 8. exd5 O-O 9. Be2 Nd7 10. O-O Nf6 11.
c4 a6 12. Nd4 Bd7 13. b3 b5 14. Bb2 bxc4 15. bxc4 Ne4 16. Bf3 Nc5 17. Nc6 Bxc6 18. Bxg7 Kxg7 19. dxc6 Qc7 20. Re1 e5 21. Bd5 Rab8 22.
Rb1 Rxb1 23. Qxb1 Rb8 24. Qc2 Qb6 25. h3 a5 26. Kh2 a4 27. Rb1 Qc7 28. Rb7 Nxb7 29.
cxb7 a3 30. Qa4 Rxb7 31. Bxb7 Qxb7 32. Qxa3 Qc6 33. Qd3 Qa6 34. a3 f5 35. f3 Kf6 36.
Qd5 Qxa3 37. Qg8 Qe3 38. Qf8+ Ke6 39. Qe8+ Kf6 40. Qf8+ Kg5 41. Qe7+ Kh6 42. Qh4+ Kg7 43.
Qe7+ Kh6 44. Qxd6 Qf4+ 45. Kg1 Qc1+ 46. Kf2 Qc2+ 47. Kf1 Qxc4+ 48. Kg1 Qd4+ 49. Qxd4 exd4 50. Kf1 Kg5 51. g3 f4 52. h4+ Kf5 53. g4+ Ke5 54. Ke2 h6 55. Kd2 Kd6 56. Ke2 Kc6 57. Kd2 Kc5 58.
Kd3 Kd5 59. Kd2 Kc4 60. Kc2 d3+ 61. Kd2 Kd4 62. Kd1 Ke3 63. Ke1 Kxf3 64. Kd2 Kxg4 65. Kxd3 Kxh4 66. Ke4 Kg4 67. Ke5 f3 0-1

[Event "***Titled Tuesday 3|2 Blitz"]
[Site "Chess.com"]
[Date "2017.02.07"]
[Round "5"]
[White "Hamisandwich"]
[Black "jcibarra"]
[Result "0-1"]
[WhiteElo "2423"]
[BlackElo "2635"]
[TimeControl "180+2"]
[EndTime "14:12:45 PST"]
[Termination "jcibarra won by checkmate"]

1. a3 a5 2. d4 d5 3. c4 e6 4. Nc3 Nf6 5. Bf4 c6 6. e3 Nbd7 7. h3 Be7 8. Nf3 O-O 9. Qc2 b6 10. cxd5 exd5 11. Bd3 Ba6 12. O-O Re8 13.
Rac1 Bf8 14. Ne5 Nxe5 15. Bxe5 Bxd3 16. Qxd3 Nd7 17. Bf4 Nf6 18. Na4 Re6 19. Rc2 Ne4 20. Rfc1 b5 21. Nc3 Qd7 22. Nb1 Rg6 23. f3 Ng5 24.
Bxg5 Rxg5 25. Rxc6 Qxh3 26. R1c2 Qxf3 27. Rf2 Qg3 28. Nd2 Re8 29. Nf1 Qh4 30. Qxb5 Rh5 31. Rf3 Qh1+ 32. Kf2 Rg5 33. g3 Qh5 34. Rh6 Qxh6 35.
Qxe8 Qg6 36. b4 axb4 37. axb4 h5 38. b5 h4 39. Qc6 Qh5 40. b6 hxg3+ 41. Rxg3 Rf5+ 42. Ke1 Qh1 43. Qb5 Bb4+ 44. Qxb4 Qxf1+ 45. Kd2 Rf2+ 46. Kc3 Qc1+ 47. Kb3 Qc2+ 48. Ka3 Qa2# 0-1

[Event "***Titled Tuesday 3|2 Blitz"]
[Site "Chess.com"]
[Date "2017.02.07"]
[Round "5"]
[White "martinique24"]
[Black "Alliswell998"]
[Result "1/2-1/2"]
[WhiteElo "2326"]
[BlackElo "2134"]
[TimeControl "180+2"]
[EndTime "14:12:45 PST"]
[Termination "Game drawn by repetition"]

1. e4 c5 2. Nf3 d6 3. d4 cxd4 4.
Nxd4 Nf6 5. Nc3 a6 6. Bg5 e6 7. f4 Be7 8. Qf3 h6 9. Bh4 Nbd7 10. O-O-O Qc7 11. Be2 g5 12. fxg5 Ne5 13. Qe3 Nfg4 14.
Qd2 hxg5 15. Bxg5 Nf2 16. Bxe7 Qxe7 17. Ndb5 axb5 18. Bxb5+ Bd7 19. Bxd7+ Qxd7 20. Qxf2 Qc6 21. Qd2 Nc4 22. Qd4 Rh5 23. g4 Re5 24. g5 b5 25. g6 fxg6 26. Rhg1 g5 27. a3 b4 28. axb4 Qxe4 29. Qxe4 Rxe4 30. b3 Re3 31. Nb1 Ne5 32.
Rxg5 O-O-O 33. Rg7 d5 34. Na3 Re2 35. Nb5 Rxh2 36. Kb2 Kb8 37. Nd4 Rc8 38. Rg5 Nf3 39. Nxf3 Rcxc2+ 40. Kb1 Rb2+ 41. Ka1 Ra2+ 42. Kb1 Rhb2+ 43.
Kc1 Rc2+ 44. Kb1 Rab2+ 45. Ka1 Ra2+ 46. Kb1 Rab2+ 47. Ka1 Ra2+ 48. Kb1 Rab2+ 49. Ka1 Ra2+ 1/2-1/2

[Event "***Titled Tuesday 3|2 Blitz"]
[Site "Chess.com"]
[Date "2017.02.07"]
[Round "5"]
[White "WanderingPuppet"]
[Black "gumersindo"]
[Result "1-0"]
[WhiteElo "2330"]
[BlackElo "2339"]
[TimeControl "180+2"]
[EndTime "14:12:45 PST"]
[Termination "WanderingPuppet won by resignation"]

1. e4 e5 2. Nf3 Nc6 3. Bb5 a6 4.
Ba4 Nf6 5. O-O Be7 6. Re1 b5 7. Bb3 d6 8. a4 Bg4 9. c3 b4 10. a5 O-O 11. h3 Bxf3 12. Qxf3 bxc3 13. bxc3 Rb8 14. Bc4 Qc8 15. d3 Na7 16. Qd1 Nb5 17. Qc2 c6 18. Nd2 d5 19. Bb3 Bd6 20. Nf1 d4 21.
Bg5 Nxc3 22. Bxf6 gxf6 23. Ng3 Kh8 24. Nf5 Qd7 25. Bc4 Nb5 26. Qd2 Rg8 27. Qh6 Rg6 28. Qh5 Rbg8 29. g3 Bb4 30. Reb1 Bc3 31. Ra2 Qc7 32. Nh6 Rf8 33. Nf5 Bxa5 34. Rf1 Bb4 35. Rxa6 Nd6 36. Nxd6 Qxd6 37. Bd5 Kg7 38. Rxc6 Qd7 39.
h4 Rc8 40. Rfc1 Rxc6 41. Rxc6 Qa7 42. Qf3 Qa1+ 43. Kg2 Qa5 44. h5 Rh6 45. Qg4+ Kf8 46. Qc8+ Kg7 47. Qg4+ Kf8 48. Rc8+ Ke7 49. Qg8 1-0

[Event "***Titled Tuesday 3|2 Blitz"]
[Site "Chess.com"]
[Date "2017.02.07"]
[Round "5"]
[White "gmwesley_so"]
[Black "E-Shaposhnikov"]
[Result "0-1"]
[WhiteElo "2743"]
[BlackElo "2763"]
[TimeControl "180+2"]
[EndTime "14:12:57 PST"]
[Termination "E-Shaposhnikov won by resignation"]

1. e4 c5 2. Nf3 e6 3. d4 cxd4 4.
Nxd4 a6 5. Bd3 Ne7 6. O-O Nbc6 7. Nb3 Ng6 8. f4 Be7 9. Be3 O-O 10. N1d2 e5 11.
f5 Nf4 12. Bxf4 exf4 13. Rxf4 Bf6 14. c3 Ne5 15. Nc4 b5 16. Nxe5 Bxe5 17. Rg4 h5 18. Rg3 Bxg3 19. hxg3 Qg5 20. Qf3 Rb8 21. Qf4 Qxf4 22.
gxf4 d6 23. Kf2 Re8 24. Rh1 Bb7 25. Nd2 g6 26. fxg6 fxg6 27. g4 hxg4 28. Rg1 Kf7 29. Rxg4 Rh8 30. Nf3 Rh6 31. Ke3 Re8 32. Rg1 Kf6 33. Kd4 Rh3 34. Rf1 Rd8 35. Bb1 Rg3 36.
Rf2 Ke7 37. Ng5 Rf8 38. Rh2 Rxf4 39. Rh7+ Kf6 40. Rxb7 Kxg5 41. Kd5 Rg1 42. Bc2 Rg2 43.
Bb3 Rd2+ 44. Kc6 Rxe4 45. Kb6 Rxb2 46. Kxa6 Re5 47. Rxb5 Rxb5 48. Kxb5 Kf4 49. Kc6 Ke5 50. Bf7 g5 51. a4 Rc2 52. c4 Ra2 53. Kb5 g4 54. a5 g3 55. c5 Rb2+ 0-1

[Event "***Titled Tuesday 3|2 Blitz"]
[Site "Chess.com"]
[Date "2017.02.07"]
[Round "5"]
[White "Yaacovn"]
[Black "GianmarcoVaR"]
[Result "1-0"]
[WhiteElo "2590"]
[BlackElo "2399"]
[TimeControl "180+2"]
[EndTime "14:13:05 PST"]
[Termination "Yaacovn won by resignation"]

1. d4 Nf6 2. Nf3 e6 3. c4 b6 4. g3 Bb7 5. Bg2 Bb4+ 6. Bd2 c5 7. O-O O-O 8. a3 Bxd2 9. Qxd2 cxd4 10. Nxd4 Bxg2 11.
Kxg2 Qc7 12. Rc1 a6 13. b3 Nc6 14. Nc3 Rab8 15. Kg1 Rfc8 16. Rab1 Nxd4 17. Qxd4 Qc5 18. Qxc5 bxc5 19. e4 Kf8 20. e5 Ng4 21. Re1 f6 22. f4 Rc6 23. h3 Nh6 24. Ne4 Ke7 25. g4 f5 26. Nf2 fxg4 27. hxg4 Rcb6 28. Re3 Nf7 29. g5 d5 30. exd6+ Nxd6 31. Rd3 Nxc4 32.
Rc1 Nxa3 33. Rxc5 Nb5 34. Ng4 Rd6 35. Re3 Rd4 36. Ne5 Kd6 37. Rc6+ Kd5 38. Rxa6 Rxf4 39. Nc6 Re8 40. Re5+ Kd6 41. Rxb5 Ref8 42. Ne5+ Kc7 43. Rc6+ Kd8 44. Rb8+ Ke7 45. Rb7+ Kd8 46. Rcc7 Rf1+ 47. Kg2 R1f5 48. Nc6+ 1-0